General information
- name: BNet
- type: Ladder team game (AT/RT)
- host: Battle.net
- saver: Jungle.Negro
map: FullScaleAssault
- players: 8
- length: 10:07
- speed: Fast
- version: 1.26 W3XP
- replay type: Public
» download(44 KB)
Players
team 1 (winner)
gaNjaking (
green | 41 APM | 412 actions | 10:06)
3 Archmage
1 Summon Water Elemental
1 Brilliance Aura
1 Blizzard
» actions
| Assign group hotkey | 11 | |
| Build / train | 24 | |
| Enter build submenu | 15 | |
| Enter hero's abilities submenu | 3 | |
| Right click | 149 | |
| Select / deselect | 56 | |
| Select group hotkey | 139 | |
| Use ability | 15 | |
412 total
» units
| Peasant | 7 | |
| Footman | 6 | |
| Rifleman | 4 | |
17 total
» upgrades
» buildings
| Altar of Kings | 1 | |
| Farm | 6 | |
| Barracks | 2 | |
| Lumber Mill | 1 | |
| Blacksmith | 1 | |
| Keep | 1 | |
12 total
» build order
00:08 Altar of Kings
00:14 Farm
00:22 Barracks
01:18 Farm
01:58 Barracks
03:03 Lumber Mill
03:21 Farm
03:39 Blacksmith
04:00 Keep
04:48 Farm
05:19 Farm
09:52 Farm
K(L-Breadzorz (
red | 23 APM | 233 actions | 10:06)
3 Tauren Chieftain
2 Endurance Aura
1 War Stomp
1 Shadow Hunter
1 Healing Wave
» actions
| Assign group hotkey | 10 | |
| Basic commands | 10 | |
| Build / train | 40 | |
| Enter build submenu | 12 | |
| Enter hero's abilities submenu | 4 | |
| Give item / drop item | 2 | |
| Remove unit from queue | 1 | |
| Right click | 55 | |
| Select / deselect | 71 | |
| Select group hotkey | 7 | |
| Use ability | 21 | |
233 total
» units
| Peon | 12 | |
| Grunt | 5 | |
| Goblin Shredder | 1 | |
18 total
» upgrades
| Pillage | 1 | |
| Melee Weapons | 2 | |
| Armor | 2 | |
| Spiked Barricades | 1 | |
| Berserker Strength | 1 | |
| Shaman Training | 1 | |
| Witch Doctor Training | 1 | |
9 total
» buildings
| Orc Burrow | 4 | |
| Altar of Storms | 1 | |
| Barracks | 1 | |
| War Mill | 1 | |
| Stronghold | 1 | |
| Voodoo Lounge | 1 | |
| Great Hall | 1 | |
| Spirit Lodge | 2 | |
| Fortress | 1 | |
13 total
» build order
00:24 Orc Burrow
00:27 Altar of Storms
01:02 Barracks
01:34 Orc Burrow
02:18 War Mill
03:54 Orc Burrow
05:01 Stronghold
05:45 Voodoo Lounge
05:56 Great Hall
06:26 Orc Burrow
07:44 Spirit Lodge
07:45 Spirit Lodge
09:39 Fortress
» items
| Healing Salve | 2 | |
| Scroll of Speed | 1 | |
3 total

»
Ghurkas (
yellow | 63 APM | 632 actions | 10:06)
2 Death Knight
1 Death Coil
1 Unholy Aura
» actions
| Assign group hotkey | 33 | |
| Build / train | 34 | |
| Enter build submenu | 13 | |
| Enter hero's abilities submenu | 2 | |
| Right click | 259 | |
| Select / deselect | 68 | |
| Select group hotkey | 209 | |
| Use ability | 14 | |
632 total
» units
| Acolyte | 13 | |
| Ghoul | 3 | |
| Crypt Fiend | 8 | |
24 total
» upgrades
| Creature Attack | 1 | |
| Creature Carapace | 1 | |
2 total
» buildings
| Altar of Darkness | 1 | |
| Ziggurat | 6 | |
| Crypt | 1 | |
| Graveyard | 1 | |
| Tomb of Relics | 1 | |
| Necropolis | 1 | |
| Halls of the Dead | 1 | |
12 total
» build order
00:26 Altar of Darkness
00:30 Ziggurat
00:40 Crypt
01:11 Graveyard
01:23 Ziggurat
02:02 Ziggurat
02:38 Ziggurat
02:55 Tomb of Relics
05:49 Ziggurat
06:27 Ziggurat
06:51 Necropolis
08:22 Halls of the Dead
» items
| Rod of Necromancy | 1 | |
| Sacrificial Skull | 3 | |
4 total
Jungle.Negro (
teal | 49 APM | 499 actions | 10:07)
4 Death Knight
2 Death Coil
2 Unholy Aura
» actions
| Assign group hotkey | 25 | |
| Basic commands | 5 | |
| Build / train | 39 | |
| Enter build submenu | 9 | |
| Enter hero's abilities submenu | 4 | |
| Right click | 157 | |
| Select / deselect | 156 | |
| Select group hotkey | 82 | |
| Use ability | 22 | |
499 total
» units
| Acolyte | 2 | |
| Ghoul | 4 | |
| Crypt Fiend | 7 | |
| Gargoyle | 5 | |
18 total
» upgrades
| Creature Attack | 2 | |
| Creature Carapace | 1 | |
3 total
» buildings
| Graveyard | 1 | |
| Crypt | 1 | |
| Altar of Darkness | 1 | |
| Ziggurat | 5 | |
| Tomb of Relics | 1 | |
| Nerubian Tower | 1 | |
| Halls of the Dead | 1 | |
| Spirit Tower | 3 | |
| Black Citadel | 1 | |
15 total
» build order
00:10 Graveyard
00:22 Crypt
00:43 Altar of Darkness
01:08 Ziggurat
01:14 Tomb of Relics
02:04 Ziggurat
02:14 Nerubian Tower
04:26 Ziggurat
05:25 Halls of the Dead
05:52 Spirit Tower
06:09 Spirit Tower
07:21 Ziggurat
08:07 Black Citadel
08:56 Ziggurat
08:58 Spirit Tower
» items
| Rod of Necromancy | 1 | |
| Staff of Teleportation | 1 | |
| Boots of Speed | 1 | |
3 total
team 2 (loser)
SoButterfly (
orange | 80 APM | 223 actions | 02:46)
1 Blood Mage
1 Flame Strike
» actions
| Assign group hotkey | 6 | |
| Basic commands | 15 | |
| Build / train | 14 | |
| Enter build submenu | 4 | |
| Enter hero's abilities submenu | 1 | |
| Remove unit from queue | 1 | |
| Right click | 95 | |
| Select / deselect | 60 | |
| Select group hotkey | 18 | |
| Use ability | 9 | |
223 total
» units
» buildings
| Altar of Kings | 1 | |
| Barracks | 1 | |
| Farm | 2 | |
4 total
» build order
00:11 Altar of Kings
00:24 Barracks
00:45 Farm
00:56 Farm

»
JAPAL (
blue | 22 APM | 64 actions | 02:57)
» actions
| Build / train | 13 | |
| Enter build submenu | 6 | |
| Remove unit from queue | 2 | |
| Right click | 17 | |
| Select / deselect | 20 | |
| Use ability | 6 | |
64 total
» units
» buildings
| Altar of Kings | 1 | |
| Farm | 3 | |
| Barracks | 1 | |
| Lumber Mill | 1 | |
6 total
» build order
00:16 Altar of Kings
00:21 Farm
01:11 Barracks
02:12 Farm
02:22 Farm
02:49 Lumber Mill
ultimate_god (
pink | 24 APM | 244 actions | 10:05)
1 Keeper of the Grove
1 Entangling Roots
1 Archmage
1 Blizzard
1 Paladin
1 Holy Light
» actions
| Build / train | 36 | |
| Enter build submenu | 16 | |
| Enter hero's abilities submenu | 3 | |
| Remove unit from queue | 1 | |
| Right click | 58 | |
| Select / deselect | 111 | |
| Use ability | 19 | |
244 total
» units
| Wisp | 9 | |
| Peasant | 8 | |
| Archer | 1 | |
| Rifleman | 11 | |
29 total
» buildings
| Moon Well | 1 | |
| Altar of Elders | 1 | |
| Ancient of War | 1 | |
| Altar of Kings | 1 | |
| Hunter's Hall | 1 | |
| Barracks | 1 | |
| Farm | 2 | |
| Lumber Mill | 1 | |
| Blacksmith | 1 | |
| Scout Tower | 2 | |
| Guard Tower | 1 | |
13 total
» build order
00:18 Moon Well
00:24 Altar of Elders
01:07 Ancient of War
01:48 Altar of Kings
02:21 Hunter's Hall
02:31 Barracks
02:38 Farm
02:57 Lumber Mill
05:00 Farm
05:08 Blacksmith
05:16 Scout Tower
05:55 Guard Tower
05:58 Scout Tower
Chat log
(00:04 / Allies) gaNjaking: jungle
(00:04 / Allies) gaNjaking: wjhere u lvie
(00:13 / Allies) K(L-Breadzorz: congo
(00:17 / Allies) Jungle.Negro: i live in peru
(00:18 / Allies) Ghurkas: lol
(00:18 / Allies) gaNjaking: lmao
(00:25 / Allies) gaNjaking: lmao
(00:48 / Allies) K(L-Breadzorz: casters melee here
(00:50 / Allies) K(L-Breadzorz: tc sh
(00:58 / Allies) Ghurkas: rush??
(00:59 / Allies) Jungle.Negro: fiends into destroyers
(01:03 / Allies) Jungle.Negro: yes rush
(01:06 / Allies) K(L-Breadzorz: im ccing
(01:12 / Allies) K(L-Breadzorz: not rushing this map
(01:18 / Allies) Ghurkas: kk
(01:20 / Allies) Jungle.Negro: k, I will cc too
(01:23 / Allies) K(L-Breadzorz: 1 guy dont mean shit
(01:36 / Allies) Jungle.Negro: true, 3v4 can be ez
(01:49 / Allies) Ghurkas: hell watch them rush us lol
(02:42 / Allies) gaNjaking: lets rush
(02:43 / Allies) gaNjaking: rush'
(02:49 / Allies) Ghurkas: no
(02:52 / Allies) gaNjaking: rush
(02:53 / Allies) gaNjaking: rush
(02:53 / Allies) gaNjaking: rush
(02:54 / Allies) gaNjaking: rush
(03:00 / Allies) Ghurkas: gg
(03:00 / All) Jungle.Negro: raped
(03:03 / Allies) Jungle.Negro: gg wp
(03:09 / All) ultimate_god: wtf?
(03:10 / All) gaNjaking: lol jungle
(03:13 / All) gaNjaking: ur connection
(03:15 / All) gaNjaking: made them leave
(03:17 / All) ultimate_god: who did atacked me?
(03:18 / All) Jungle.Negro: my peru connection won us
(03:37 / All) ultimate_god: wow
(03:39 / All) ultimate_god: oj was gay...
(03:41 / All) Jungle.Negro: i am pro
(03:48 / Allies) gaNjaking: what did oj do
(03:49 / All) gaNjaking: ?
(03:53 / All) gaNjaking: what did oj do
(03:53 / All) Jungle.Negro: what did he do?
(04:10 / All) ultimate_god: he destroyed my townhall cause i was building purp...
(04:14 / All) gaNjaking: LMAO
(04:16 / All) gaNjaking: why
(04:23 / All) ultimate_god: cause nobody wanted...
(04:41 / All) ultimate_god: oj wanted to sacrifice all peasant to get an other mine...
(05:03 / All) gaNjaking: hah
(05:11 / Allies) gaNjaking: jungle negro
(05:13 / Allies) gaNjaking: ur crazy
(05:15 / Allies) Jungle.Negro: ty
(05:20 / Allies) gaNjaking: lmao
(05:22 / Allies) gaNjaking: im so high
(05:29 / Allies) gaNjaking: and that conenction im like WTF IS TAKING SO FUCKING LONG
(05:50 / All) ultimate_god: so oj is what we call gay....
(06:52 / All) gaNjaking: THEY SHUD MAKE WARCRAFT 4
(06:53 / All) ultimate_god: useless to fight...
(07:03 / All) Ghurkas: agreed
(07:05 / All) Jungle.Negro: wc4 would be good, sc2 not as good
(07:06 / All) ultimate_god: dont have engouh to make a townhall
(07:11 / All) Ghurkas: and I wanna be able to have 4 heros
(07:23 / All) gaNjaking: 4 heros?
(07:28 / All) Ghurkas: yes
(07:31 / All) Ghurkas: instead of 3
(07:37 / All) Jungle.Negro: 4 hero ud
(07:39 / All) Ghurkas: and make naga a race
(07:44 / Allies) gaNjaking: how u kno they guna do that??
(07:49 / All) Jungle.Negro: naga is offensive to jungle negros
(07:56 / All) Ghurkas: i doint...saying it be cool
(07:58 / All) ultimate_god: it would had been a good match if oj didnt fucked it up...
(08:17 / All) Ghurkas: orange is a good player..
(08:27 / All) Jungle.Negro: it is possible to 3v4
(08:46 / All) Jungle.Negro: i am making gargroyles
(09:05 / All) ultimate_god: you would win with goules...
(09:13 / All) gaNjaking: dude u can leave u kno
(09:18 / All) ultimate_god: ya
(09:34 / All) ultimate_god: i wish oj didnt fucked up the game...
(09:39 / All) Jungle.Negro: i am +2 attack +1 armors upgrade
(09:41 / All) Ghurkas: FUCK U
(09:45 / All) Ghurkas: NOBODY CARES
(09:50 / All) ultimate_god: I DO